 Dungeon Crawl Stone Soup version 0.26.0-11-g8f856b5395 (console) character file.

Game seed: 93988181964952411

2753 Cab the Digger (level 9, 0/71 HPs)
             Began as a Gnoll Wanderer on Jan 15, 2021.
             Was a Believer of Dithmenos.
             Slain by a four-headed hydra (3 damage)
             ... while petrified by a basilisk
             ... on level 1 of the Lair of Beasts.
             The game lasted 00:49:25 (9111 turns).

Cab the Digger (Gnoll Wanderer)                     Turns: 9111, Time: 00:49:25

Health: 0/71       AC: 11    Str: 19    XL:     9   Next: 68%
Magic:  15/15      EV:  2    Int: 16    God:    Dithmenos [**....]
Gold:   239        SH:  0    Dex: 18    Spells: 13/17 levels left

rFire    + . .     SeeInvis .   e - +6 short sword
rCold    . . .     Faith    .   q - +0 buckler
rNeg     + + +     Spirit   .   b - +1 ring mail
rPois    ∞         Reflect  .   C - +0 helmet
rElec    .         Harm     .   k - scarf {shadows}
rCorr    .         Rampage  .   d - +2 pair of gloves
Will     .....                  (no boots)
Stlth    +++.......             (no amulet)
HPRegen  0.21/turn              w - +6 ring of dexterity
MPRegen  0.14/turn              v - ring of protection from fire

@: petrified, very slightly contaminated, wreathed by umbra, invisible
A: distributed training, fangs 1, strong nose
a: Renounce Religion, Shadow Step


You were on level 1 of the Lair of Beasts.
You worshipped Dithmenos.
Dithmenos was pleased with you.
You visited 3 branches of the dungeon, and saw 10 of its levels.
You also visited: Bailey.

You collected 239 gold pieces.

Inventory:

Hand Weapons
 a - a +0 club
 e - a +6 short sword (weapon)
 s - a +1 vorpal hand axe
 B - a +5 spear of venom
 D - the +3 hand axe "Jorif" {venom, Str-4 Int+4 Dex+4 Stlth+}
   (You found it on level 6 of the Dungeon)

   It poisons the flesh of those it strikes.
   It affects your strength (-4).
   It affects your intelligence (+4).
   It affects your dexterity (+4).
   It makes you more stealthy.
Missiles
 f - 30 poisoned darts
 F - 32 stones
Armour
 b - a +1 ring mail (worn)
 d - a +2 pair of gloves (worn)
 k - a scarf of shadows (worn)
 q - a +0 buckler (worn)
 u - a +1 cloak
 C - a +0 helmet (worn)
Jewellery
 g - an uncursed ring of flight
 o - an uncursed ring of see invisible
 v - a ring of protection from fire (right hand)
 w - a +6 ring of dexterity (left hand)
Wands
 J - a wand of paralysis (16)
Scrolls
 i - 2 scrolls of identify
 j - 3 scrolls of remove curse
 t - a scroll of blinking
 x - 2 scrolls of teleportation
 y - 3 scrolls of magic mapping
 E - a scroll of enchant armour
Potions
 c - a potion of lignification
 h - 8 potions of curing
 l - a potion of cancellation
 m - 2 potions of attraction
 n - 3 potions of brilliance
 p - 2 potions of haste
 z - a potion of flight
 A - a potion of ambrosia
 I - a potion of might


   Skills:
 + Level 6.5 Fighting
 + Level 4.5 Short Blades
 + Level 4.5 Long Blades
 + Level 4.5 Axes
 + Level 6.5 Maces & Flails
 + Level 4.5 Polearms
 + Level 4.5 Staves
 + Level 4.5 Slings
 + Level 4.5 Bows
 + Level 4.5 Crossbows
 + Level 5.2 Throwing
 + Level 5.2 Armour
 + Level 4.5 Dodging
 + Level 4.5 Stealth
 + Level 5.2 Shields
 + Level 4.5 Unarmed Combat
 + Level 4.5 Spellcasting
 + Level 3.7 Conjurations
 + Level 3.7 Hexes
 + Level 3.7 Summonings
 + Level 3.7 Necromancy
 + Level 3.7 Translocations
 + Level 3.7 Transmutations
 + Level 3.7 Fire Magic
 + Level 3.7 Ice Magic
 + Level 3.7 Air Magic
 + Level 6.6 Earth Magic
 + Level 3.7 Poison Magic
 + Level 4.9 Invocations
 + Level 4.5 Evocations


You had 13 spell levels left.
You knew the following spells:

 Your Spells              Type           Power        Failure   Level
a - Sandblast             Erth           24%          1%          1
b - Stone Arrow           Conj/Erth      20%          10%         3

Your spell library contained the following spells:

 Spells                   Type           Power        Failure   Level
 Passwall                 Tmut/Erth      8%           4%          2
 Corona                   Hex            7%           5%          1
 Slow                     Hex            7%           9%          2
 Wereblood                Tmut           7%           9%          2
 Inner Flame              Hex/Fire       7%           17%         3
 Portal Projectile        Hex/Tloc       14%          17%         3
 Leda's Liquefaction      Hex/Erth       5%           30%         4
 Petrify                  Tmut/Erth      10%          30%         4
 Lee's Rapid Deconstruct  Erth           6%           43%         5
 Cause Fear               Hex            3%           50%         4


Dungeon Overview and Level Annotations

Branches:
Dungeon (8/15)             Temple (1/1) D:5            Lair (1/6) D:8
 Bailey (visited)

Altars:
Cheibriados
Dithmenos
Elyvilon
Fedhas
Gozag
Hepliaklqana
Kikubaaqudgha
Makhleb
Nemelex Xobeh
Okawaru
Qazlal
Ru
Sif Muna
Trog
Uskayaw
Vehumet
Wu Jian
Xom
Yredelemnul
Zin
The Shining One
Lugonu

Shops:
D:7 }

Annotations:
D:4 Edmund


Innate Abilities, Weirdness & Mutations

Your experience applies equally to all skills.
You have very sharp teeth.
Your uncanny sense of smell can sniff out nearby items.


Message History

You have turned to stone.
The four-headed hydra bites you. The four-headed hydra bites you!
The four-headed hydra bites you.
The four-headed hydra barely misses you.
The basilisk bites you but does no damage.
The four-headed hydra bites you! x2
* * * LOW HITPOINT WARNING * * *
The four-headed hydra bites you!
* * * LOW HITPOINT WARNING * * *
The four-headed hydra bites you.
* * * LOW HITPOINT WARNING * * *
The basilisk gazes at you. You resist with some effort.
The four-headed hydra barely misses you.
The four-headed hydra bites you but does no damage.
The four-headed hydra bites you. x2
* * * LOW HITPOINT WARNING * * *
The basilisk gazes at you. The four-headed hydra bites you!
You die... ∙▒ ▒▒▒▒▒∙▒▒ ∙∙ ∙∙∙∙∙∙∙∙

∙ ▒∙∙∙∙∙∙∙
▒∙∙∙∙∙∙∙∙∙
▒∙▒∙∙∙∙∙∙∙
▒∙∙∙∙∙∙∙∙∙
{ ▒Dl∙∙∙∙∙
▒@∙∙∙F∙∙
▒▒▒P∙▒▒▒
▒∙▒ ∙∙∙
▒▒▒ {


You could see a four-headed hydra, a cane toad (wandering) and a basilisk.

Vanquished Creatures
  Menkaure (D:7)
  3 ogres
  3 orc warriors
  A necrophage (D:6)
  A sky beast (D:8)
  An eye of draining (D:7)
  A centaur (D:6)
  Blork the orc (D:5)
  4 bullfrogs
  A water moccasin zombie (D:8)
  A scorpion (D:6)
  5 wights (D:8)
  2 howler monkeys
  A bullfrog zombie (D:6)
  2 quasits
  A jelly (D:7)
  3 orc priests
  4 orc wizards
  5 hounds
  2 bullfrog skeletons
  Jessica (D:3)
  An iguana (D:8)
  Natasha (D:3)
  6 worker ants
  A hound zombie (D:7)
  Robin (D:4)
  2 gnolls (Bailey)
  4 adders
  A shadow imp (D:8)
  A white imp (D:5)
  An ooze (D:6)
  2 adder skeletons
  2 worms (D:4)
  A dart slug (D:2)
  6 leopard geckos
  18 orcs
  5 giant cockroaches (D:1)
  15 goblins
  8 hobgoblins
  11 jackals
  9 kobolds
  6 quokkas
  A ball python (D:2)
  5 bats
  A frilled lizard (D:1)
  A jackal skeleton (D:4)
  A leopard gecko skeleton (D:7)
  5 rats
160 creatures vanquished.

Vanquished Creatures (collateral kills)
  A big kobold (D:8)
  A scorpion (D:8)
  A kobold (D:8)
3 creatures vanquished.

Grand Total: 163 creatures vanquished

Notes
Turn   | Place    | Note
-------+----------+-------------------------------------------
     0 | D:1      | Cab the Gnoll Wanderer began the quest for the Orb.
     0 | D:1      | Cab set off with the following items: a +0 club, a +0 ring
                  | mail, a potion of lignification; and the following spell
                  | memorised: Sandblast; and the following spells available to
                  | memorise: Passwall, Stone Arrow, Lee's Rapid
                  | Deconstruction, Petrify
     0 | D:1      | Reached XP level 1. HP: 20/20 MP: 1/1
   241 | D:1      | Reached XP level 2. HP: 21/26 MP: 2/2
   815 | D:1      | Reached XP level 3. HP: 29/31 MP: 3/3
  1474 | D:2      | Reached skill level 1 in Invocations
  1687 | D:2      | Reached skill level 1 in Short Blades
  1687 | D:2      | Reached skill level 1 in Long Blades
  1687 | D:2      | Reached skill level 1 in Axes
  1687 | D:2      | Reached skill level 1 in Polearms
  1687 | D:2      | Reached skill level 1 in Staves
  1687 | D:2      | Reached skill level 1 in Slings
  1687 | D:2      | Reached skill level 1 in Bows
  1687 | D:2      | Reached skill level 1 in Crossbows
  1687 | D:2      | Reached skill level 1 in Dodging
  1687 | D:2      | Reached skill level 1 in Stealth
  1687 | D:2      | Reached skill level 1 in Unarmed Combat
  1687 | D:2      | Reached skill level 1 in Spellcasting
  1687 | D:2      | Reached skill level 1 in Evocations
  1707 | D:2      | Reached XP level 4. HP: 35/38 MP: 3/5
  1834 | D:2      | Found an ornate altar of the Wu Jian Council.
  2447 | D:3      | Noticed Jessica
  2455 | D:3      | Killed Jessica
  2456 | D:3      | Reached skill level 1 in Conjurations
  2456 | D:3      | Reached skill level 1 in Hexes
  2456 | D:3      | Reached skill level 1 in Summonings
  2456 | D:3      | Reached skill level 1 in Necromancy
  2456 | D:3      | Reached skill level 1 in Translocations
  2456 | D:3      | Reached skill level 1 in Transmutations
  2456 | D:3      | Reached skill level 1 in Fire Magic
  2456 | D:3      | Reached skill level 1 in Ice Magic
  2456 | D:3      | Reached skill level 1 in Air Magic
  2456 | D:3      | Reached skill level 1 in Poison Magic
  3209 | D:3      | Reached XP level 5. HP: 30/43 MP: 4/6
  3803 | D:4      | Noticed Edmund
  3890 | D:5      | Entered Level 5 of the Dungeon
  4194 | D:5      | Noticed Blork the orc
  4219 | D:6      | Reached XP level 6. HP: 50/50 MP: 5/8
  4247 | D:6      | Noticed an orc warrior
  4285 | D:5      | Killed Blork the orc
  4286 | D:5      | Reached skill level 5 in Fighting
  4286 | D:5      | Reached skill level 5 in Maces & Flails
  4426 | D:5      | Found an iron altar of Okawaru.
  4428 | D:5      | Found a basalt altar of Yredelemnul.
  4706 | D:5      | Found a stormy altar of Qazlal.
  4721 | D:5      | Noticed a water elemental
  4722 | D:5      | Noticed an air elemental
  4722 | D:5      | Noticed a fire elemental
  4823 | D:5      | Found a staircase to the Ecumenical Temple.
  4834 | Temple   | Entered the Ecumenical Temple
  4862 | Temple   | Became a worshipper of Dithmenos the Shadowed
  5100 | D:4      | Learned a level 3 spell: Stone Arrow
  5133 | D:4      | Found a hazy altar of Hepliaklqana.
  5140 | D:4      | Noticed Natasha
  5142 | D:4      | Reached XP level 7. HP: 56/56 MP: 0/10
  5157 | D:3      | Killed Natasha
  5627 | D:4      | Noticed Robin
  5630 | D:4      | Killed Robin
  5980 | D:6      | Reached * piety under Dithmenos
  6271 | D:6      | Reached XP level 8. HP: 63/63 MP: 12/12
  6321 | D:6      | Got a bloodstained hand axe
  6322 | D:6      | Identified the +3 hand axe "Jorif" {venom, Str-4 Int+4
                  | Dex+4 Stlth+} (You found it on level 6 of the Dungeon)
  6656 | D:6      | Found a snail-covered altar of Cheibriados.
  6977 | D:6      | Found a glowing golden altar of the Shining One.
  6978 | D:6      | Found a glowing silver altar of Zin.
  6978 | D:6      | Found a white marble altar of Elyvilon.
  7034 | D:7      | Found a hazy altar of Hepliaklqana.
  7050 | D:7      | Noticed Menkaure
  7060 | D:7      | Killed Menkaure
  7125 | D:7      | Found an opulent altar of Gozag.
  7160 | D:7      | Found a bloodstained altar of Trog.
  7183 | D:7      | Found a shimmering blue altar of Sif Muna.
  7191 | D:7      | Identified Sif Muna's Almanac of Mastery
  7324 | D:7      | Reached XP level 9. HP: 58/69 MP: 14/14
  7458 | D:7      | Found Nostog's Gadget Emporium.
  8041 | D:8      | Reached ** piety under Dithmenos
  8059 | D:8      | Found a flagged portal.
  8067 | Bailey   | Entered a bailey
  8103 | Bailey   | Reached skill level 5 in Throwing
  8103 | Bailey   | Reached skill level 5 in Armour
  8103 | Bailey   | Reached skill level 5 in Shields
  8121 | Bailey   | Found an iron altar of Okawaru.
  8121 | Bailey   | Noticed an orc sorcerer
  8121 | Bailey   | Noticed an orc high priest
  8729 | D:8      | Found a shimmering altar of Xom.
  8810 | D:8      | Found a staircase to the Lair.
  8886 | D:8      | Found an ancient bone altar of Kikubaaqudgha.
  9097 | Lair:1   | Entered Level 1 of the Lair of Beasts
  9097 | Lair:1   | Noticed a four-headed hydra
  9097 | Lair:1   | Noticed a cane toad
  9110 | Lair:1   | HP: 3/71 [four-headed hydra (1)]
  9111 | Lair:1   | Slain by a four-headed hydra

Illustrated notes

Levels and vault maps discovered:
D:1:      scummos_arrival_forest, layout_basic, chequers_serial_rivers_large_a
D:2:      layout_rooms, nzn_wu_jian_contemplation
D:3:      layout_basic, uniq_jessica
D:4:      cheibrodos_quashed, layout_loops_ring, nicolae_overflow_crystal_walls,
          kennysheep_nub, uniq_robin, uniq_natasha, uniq_edmund
D:5:      layout_basic, grunt_temple_overflow_open, temple_statues,
          nicolae_qazlal_style_of_elements, uniq_blork_the_orc
D:6:      layout_loops_ring, good_gods_temple_1, lemuel_round_altar
D:7:      minmay_evil_eye, layout_loops_ring,
          nzn_overflow_gifts_of_might_and_magic, lemuel_doored_altar,
          basic_altar, serial_shops, shop_fountains, uniq_menkaure
D:8:      layout_loops_ring, marbit_many_paths, lemuel_round_altar,
          lair_entry_dummy, enter_bailey_2, minmay_liquid_box,
          blue_anna_alchemist [blue_anna_fruit_fields, blue_anna_fruit_fields]
Temple:   corrupted_temple
Lair:1:   layout_roguey [special_room_bee], minmay_lair_oklob_chamber,
          grunt_megastairs_5

Skill      XL: |  1  2  3  4  5  6  7  8  9 |
---------------+----------------------------+-----
Invocations    | 1 2 3 4 |  4.9
Short Blades   | 1 2 3 4 |  4.5
Long Blades    | 1 2 3 4 |  4.5
Axes           | 1 2 3 4 |  4.5
Polearms       | 1 2 3 4 |  4.5
Staves         | 1 2 3 4 |  4.5
Slings         | 1 2 3 4 |  4.5
Bows           | 1 2 3 4 |  4.5
Crossbows      | 1 2 3 4 |  4.5
Dodging        | 1 2 3 4 |  4.5
Stealth        | 1 2 3 4 |  4.5
Unarmed Combat | 1 2 3 4 |  4.5
Spellcasting   | 1 2 3 4 |  4.5
Evocations     | 1 2 3 4 |  4.5
Conjurations   | 1 2 3 |  3.7
Hexes          | 1 2 3 |  3.7
Summonings     | 1 2 3 |  3.7
Necromancy     | 1 2 3 |  3.7
Translocations | 1 2 3 |  3.7
Transmutations | 1 2 3 |  3.7
Fire Magic     | 1 2 3 |  3.7
Ice Magic      | 1 2 3 |  3.7
Air Magic      | 1 2 3 |  3.7
Poison Magic   | 1 2 3 |  3.7
Throwing       | 3 4 5 |  5.2
Armour         | 3 4 5 |  5.2
Shields        | 3 4 5 |  5.2
Fighting       | 5 6 |  6.5
Maces & Flails | 5 6 |  6.5
Earth Magic    | 6 |  6.6

Action                   |  1- 3 |  4- 6 |  7- 9 || total
-------------------------+-------+-------+-------++-------
Melee: Club              |   198 |    25 |       ||   223
       Bite              |    25 |    11 |    47 ||    83
       Hand axe          |       |    72 |   251 ||   323
       Punch             |       |     1 |       ||     1
       Spear             |       |       |    33 ||    33
       Short sword       |       |       |    46 ||    46
 Cast: Sandblast         |     1 |    23 |     2 ||    26
       Stone Arrow       |       |     3 |    12 ||    15
  Use: Scroll            |       |    13 |    13 ||    26
       Potion            |       |       |     1 ||     1
 Stab: Sleeping          |       |       |    15 ||    15
       Distracted        |       |       |     2 ||     2
       Invisible         |       |       |     1 ||     1
Armor: Ring mail         |   120 |    54 |   111 ||   285
Dodge: Dodged            |   134 |    76 |   186 ||   396
Block: Buckler           |       |     7 |    95 ||   102
